 Dungeon Crawl Stone Soup version 0.29-a0-275-g389c0b56f3 (webtiles) character file.

Game seed: 13189282978828332244

2022 Dabor the Skirmisher (level 9, -5/69 (77) HPs)
             Began as a Palentonga Berserker on Mar 12, 2022.
             Was an Elder of Trog.
             Slain by a wight
             ... wielding a +2 falchion
              (7 damage)
             ... on level 6 of the Dungeon.
             The game lasted 00:09:52 (6476 turns).

Dabor the Skirmisher (Palentonga Berserker)         Turns: 6476, Time: 00:09:52

HP:   -5/69 (77)    AC: 17    Str: 30    XL:     9   Next: 3%
MP:   9/9           EV:  7    Int: 10    God:    Trog [****..]
Gold: 96            SH:  0    Dex:  9    Spells: 8/8 levels left

rFire   . . .      SeeInvis +   w - +2 war axe (venom)
rCold   + . .      Faith    +   u - orb {*Rage}
rNeg    . . .      Spirit   .   B - +0 chain mail
rPois   .          Reflect  .   (no helmet)
rElec   .          Harm     .   D - +0 cloak
rCorr   .          Rampage  .   k - +0 pair of gloves
Will    +....      Rage     20% (no barding)
Stlth   ..........              z - amulet of faith
HPRegen 0.21/turn               r - ring of willpower
MPRegen 0.11/turn               t - ring "Reaxil Patwu" {rC+ Str+4 Int+3}

@: on berserk cooldown, slowed, heavily drained, curled up, very slow
A: large, rugged brown scales 3, see invisible, deformed body, roll 1, armoured
tail, reflexive curl
a: Rolling Charge, Renounce Religion, Berserk, Trog's Hand, Brothers in Arms


You were on level 6 of the Dungeon.
You worshipped Trog.
Trog was greatly pleased with you.
You visited 1 branch of the dungeon, and saw 6 of its levels.
You also visited: Sewer.

You collected 274 gold pieces.
You spent 178 gold pieces at shops.

Inventory:

Hand Weapons
 j - a +1 vorpal scimitar
 p - a +0 antimagic hand axe
 w - a +2 war axe of venom (weapon)
Armour
 h - a +0 leather armour
 k - a +0 pair of gloves (worn)
 u - an orb of wrath (worn)
 B - a +0 chain mail (worn)
 D - a +0 cloak (worn)
Jewellery
 r - a ring of willpower (left hand)
 t - the ring "Reaxil Patwu" (right hand) {rC+ Str+4 Int+3}
   (You found it on level 4 of the Dungeon)

   [ring of protection from cold]

   Str:       It affects your strength (+4).
   Int:       It affects your intelligence (+3).
   rC:        It protects you from cold.
 z - an amulet of faith (around neck)
Wands
 v - a wand of acid (2)
Scrolls
 d - 5 scrolls of teleportation
 f - a scroll of immolation
 g - a scroll of enchant weapon
 i - a scroll of fog
 m - a scroll of torment
 o - 3 scrolls of magic mapping {unknown}
 x - a scroll of blinking {unknown}
 y - a scroll of vulnerability {unknown}
Potions
 a - 3 potions of cancellation {unknown}
 b - 2 potions of magic {unknown}
 c - a potion of invisibility {unknown}
 e - 5 potions of curing {unknown}
 l - 2 potions of mutation {unknown}
 n - 2 potions of lignification {unknown}
 s - a potion of resistance
 A - a potion of flight {unknown}


   Skills:
 * Level 7.5 Fighting
 * Level 7.4 Axes
 + Level 4.2 Armour
 + Level 4.2 Dodging


You had 8 spell levels left.
You didn't know any spells.
Your spell library was empty.

Dungeon Overview and Level Annotations

Branches:
Dungeon (6/15)              Sewer (visited)
 Temple: D:4-7

Altars:
Nemelex Xobeh
Ru
Trog
Vehumet

Shops:
D:1 (


Innate Abilities, Weirdness & Mutations

You are completely covered in rugged brown scales. (AC +3, +7% HP)
You have supernaturally acute eyesight. (SInv)
Armour fits poorly on your strangely shaped body.
You can roll at nearby foes to attack.
You have a long armoured tail.
You curl defensively after being hit. (AC +7*)


Message History

The wight closely misses you. The wight hits you with a +5 scimitar.
You feel drained. The wight hits you but does no damage.
You hit the wight.
The wight is almost destroyed.
You hit the wight. You hit the wight but do no damage.
The wight hits you with a +2 falchion. The wight hits you with a +5 scimitar!
The wight closely misses you. The wight hits you with a +2 falchion.
You feel drained. The wight barely misses you.
The wight hits you with a +0 trident.
You feel drained.
You hit the wight.
You destroy the wight!
Trog accepts your kill.
You closely miss the wight. You barely miss the wight.
The wight hits you with a +2 falchion. The wight hits you with a +5 scimitar!
* * * LOW HITPOINT WARNING * * *
You feel drained.
* * * LOW HITPOINT WARNING * * *
The wight hits you with a +2 falchion!
* * * LOW HITPOINT WARNING * * *
The wight closely misses you.
You see here 12 gold pieces.
You feel much better. The wight hits you but does no damage.
The wight hits you with a +5 scimitar!
* * * LOW HITPOINT WARNING * * *
You hit the wight but do no damage.
The wight is lightly damaged.
You hit the wight but do no damage. The wight hits you with a +2 falchion!
* * * LOW HITPOINT WARNING * * *
You feel drained.
* * * LOW HITPOINT WARNING * * *
The wight hits you but does no damage. x2
The wight hits you with a +5 scimitar.
* * * LOW HITPOINT WARNING * * *
You feel drained.
* * * LOW HITPOINT WARNING * * *
You slash the wight!
The wight is heavily damaged.
You hit the wight. The wight barely misses you.
The wight completely misses you. The wight hits you with a +2 falchion!
You die...

###...†.....######......
.........................
#.#.#........######.#####
...#........# #)#
###..........# #)#
.............# #.#
##..........######†##
#...)zz....##..§...#
#.....@....##..§...#
#..........##....†)#
#..........##......#
#############......#
#......# #####.## ..# ..#
....


You could see 2 wights.

Vanquished Creatures
  Pikel (D:6)
  An acid dragon (D:6)
  Duvessa (D:5)
  An orc warrior (D:6)
  An ice beast (D:4)
  2 centaurs
  3 kobold brigands (Sewer)
  A necrophage (D:6)
  A scorpion (D:4)
  A wight (D:6)
  Dowan (D:5)
  2 hounds (D:5)
  2 orc priests
  Crazy Yiuf (D:5)
  A jelly (D:5)
  Ijyb (D:5)
  4 iguanas
  2 orc wizards (D:3)
  3 gnolls (D:2)
  8 adders
  5 worms
  3 dart slugs
  11 orcs
  7 ball pythons
  5 bats
  7 endoplasms
  5 giant cockroaches
  6 hobgoblins
  3 jackals (D:1)
  6 quokkas
  15 frilled lizards
  8 goblins
  18 kobolds
  8 rats
145 creatures vanquished.

Vanquished Creatures (others)
  8 fungi (D:5)
  2 plants (Sewer)
10 creatures vanquished.

Grand Total: 155 creatures vanquished

Notes
Turn   | Place    | Note
-------+----------+-------------------------------------------
     0 | D:1      | Dabor the Palentonga Berserker began the quest for the Orb.
     0 | D:1      | Reached XP level 1. HP: 19/19 MP: 1/1
   383 | D:1      | Reached XP level 2. HP: 23/25 MP: 2/2
   635 | D:1      | Found Codoteav's Weapon Emporium.
   751 | D:1      | Found a faded altar of an unknown god.
  1140 | D:2      | Reached XP level 3. HP: 31/31 MP: 3/3
  1145 | D:2      | Reached ** piety under Trog
  1408 | D:2      | Reached XP level 4. HP: 34/39 MP: 4/4
  1968 | D:3      | Found a glowing drain.
  1994 | Sewer    | Entered a sewer
  2081 | Sewer    | Noticed a kobold brigand
  2081 | Sewer    | Noticed a kobold brigand
  2091 | Sewer    | Killed a kobold brigand
  2092 | Sewer    | Reached XP level 5. HP: 44/44 MP: 5/5
  2454 | Sewer    | Reached XP level 6. HP: 47/52 MP: 6/6
  2837 | D:3      | Reached *** piety under Trog
  3031 | D:3      | Reached skill level 5 in Fighting
  3173 | D:3      | Found a bloodstained altar of Trog.
  3513 | D:4      | Found a radiant altar of Vehumet.
  3541 | D:4      | Found a sacrificial altar of Ru.
  3563 | D:4      | Reached skill level 5 in Axes
  3986 | D:4      | Gained mutation: You curl defensively after being hit. (AC
                  | +7*) [Palentonga growth]
  3986 | D:4      | Reached XP level 7. HP: 59/59 MP: 2/7
  4136 | D:4      | Identified the ring "Reaxil Patwu" {rC+ Str+4 Int+3}
  4140 | D:4      | Found the +3 pair of seven-league boots {Rampage+∞}
  4535 | D:5      | Entered Level 5 of the Dungeon
  4703 | D:5      | Found a sparkling altar of Nemelex Xobeh.
  4879 | D:5      | Noticed Ijyb
  4895 | D:5      | Killed Ijyb
  4972 | D:1      | Bought a +2 war axe of venom for 178 gold pieces
  5197 | D:5      | Noticed Duvessa
  5197 | D:5      | Noticed Dowan
  5204 | D:5      | Killed Duvessa
  5205 | D:5      | Reached XP level 8. HP: 52/68 MP: 8/8
  5207 | D:5      | Killed Dowan
  5207 | D:5      | Reached **** piety under Trog
  5767 | D:5      | Found a runed translucent door.
  5768 | D:5      | Noticed Crazy Yiuf
  5772 | D:5      | Killed Crazy Yiuf
  6385 | D:6      | Noticed Pikel
  6402 | D:6      | Killed Pikel
  6455 | D:6      | Reached XP level 9. HP: 77/77 MP: 9/9
  6475 | D:6      | HP: 2/70 [wight/+5 scimitar (2)]
  6476 | D:6      | Slain by a wight

Illustrated notes

Levels and vault maps discovered:
D:1:      lightli_arrival_maybe_door_vault, layout_loops_ring,
          ebering_ecumenical_altar_sacrificial, serial_shops,
          nicolae_shop_bloodbath_and_beyond, minmay_misc_feat_chi
D:2:      layout_basic, minmay_lizard_pond
D:3:      layout_loops_ring, trog_antimagical, cheibrodos_sewer_entry_sluice
D:4:      layout_basic, lemuel_tele_altar, nicolae_overflow_crystal_walls
D:5:      layout_basic, mainiacjoe_overflow_alcove_4, uniq_ijyb, uniq_duvessa,
          uniq_crazy_yiuf_cottage
D:6:      layout_basic, general_overflow_altar, temple_green, uniq_menkaure,
          uniq_pikel

Skill      XL: |  1  2  3  4  5  6  7  8 |
---------------+-------------------------+-----
Armour         | 2 3 4 |  4.2
Dodging        | 2 3 4 |  4.2
Fighting       | 4 5 6 7 |  7.5
Axes           | 4 5 6 7 |  7.4

Action                   |  1- 3 |  4- 6 |  7- 9 || total
-------------------------+-------+-------+-------++-------
Melee: Hand axe          |    78 |    41 |    49 ||   168
       Tailslap          |     3 |    23 |    15 ||    41
       Punch             |     3 |       |       ||     3
       Scimitar          |       |   171 |       ||   171
       War axe           |       |       |    67 ||    67
Invok: Berserk           |     1 |     4 |     1 ||     6
  Use: Potion            |     1 |       |     1 ||     2
       Scroll            |       |     3 |     3 ||     6
Armor: Animal skin       |    37 |       |       ||    37
       Leather armour    |       |   118 |    16 ||   134
       Chain mail        |       |       |    19 ||    19
Dodge: Dodged            |    44 |   110 |    61 ||   215

Table legend: (Time is in decaauts)
 A = Elapsed time spent in this place.
 B = Non-inter-level travel time spent in this place.
 C = Inter-level travel time spent in this place.
 D = Time resting spent in this place.
 E = Time spent auto-exploring this place.
 F = Levels seen in this place.
 G = Mean time per level.
                   A        B        C        D        E       F      G
               +--------+--------+--------+--------+--------+-----+--------+
         Total |   6729 |   6224 |    505 |    592 |   4471 |   7 |  961.3 |
       Dungeon |   6001 |   5496 |    505 |    505 |   4034 |   6 | 1000.2 |
         Sewer |    727 |    727 |      0 |     87 |    437 |   1 |  727.0 |
               +--------+--------+--------+--------+--------+-----+--------+

Top non-repeatable levels by time:
     D:3: 1302 daAuts
     D:5: 1175 daAuts
     D:1: 1086 daAuts
     D:2: 1000 daAuts
     D:4: 767 daAuts
   Sewer: 727 daAuts
     D:6: 669 daAuts
